 Dungeon Crawl Stone Soup version 0.22.0-6-g71bd7aa (webtiles) character file.

1107 corax the Slasher (level 8, -1/70 HPs)
             Began as a Minotaur Fighter on Aug 15, 2018.
             Slain by a killer bee (7 damage)
             ... on level 6 of the Dungeon.
             The game lasted 00:09:21 (3514 turns).

corax the Slasher (Minotaur Fighter)                Turns: 3514, Time: 00:09:22

Health: -1/70      AC:  7    Str: 29    XL:     8   Next: 11%
Magic:  7/7        EV: 11    Int:  9    God:
Gold:   290        SH:  0    Dex:  9    Spells: 7/7 levels left

rFire    + . .     SeeInvis .   a - +0 dire flail (holy)
rCold    x . .     Gourm    .   (shield currently unavailable)
rNeg     . . .     Faith    .   C - +0 scale mail
rPois    .         Spirit   .   (helmet restricted)
rElec    .         Reflect  .   (no cloak)
rCorr    .         Harm     .   (no gloves)
MR       .....                  (no boots)
Stlth    ..........             (no amulet)
HPRegen  0.21/turn              k - +4 ring of intelligence
MPRegen  0.10/turn              l - ring of fire

@: mighty, lethally poisoned (-1 -> -3)
A: retaliatory headbutt, horns 2
a: no special abilities


You were on level 6 of the Dungeon.
You were hungry.

You visited 1 branch of the dungeon, and saw 6 of its levels.

You collected 290 gold pieces.

Inventory:

Hand Weapons
 a - a +0 dire flail of holy wrath (weapon)
 b - a +0 long sword
Missiles
 x - 7 tomahawks (quivered)
Armour
 A - a cursed +0 pair of gloves
 C - a +0 scale mail (worn)
Jewellery
 k - a +4 ring of intelligence (left hand)
 l - a ring of fire (right hand)
 t - a cursed ring of attention {unknown}
 v - an uncursed ring of protection from cold {unknown}
Wands
 E - a wand of paralysis (14)
Scrolls
 c - 2 scrolls of amnesia {unknown}
 g - 5 scrolls of teleportation {unknown}
 h - 4 scrolls of blinking {unknown}
 i - 4 scrolls of identify {unknown}
 j - a scroll of random uselessness {unknown}
 m - a scroll of enchant weapon {unknown}
 o - a scroll of immolation {unknown}
 p - 4 scrolls of remove curse {unknown}
 u - a scroll of fear {unknown}
 y - a scroll of noise {unknown}
Potions
 d - a potion of might
 e - a potion of curing
 n - a potion of invisibility {unknown}
 q - a potion of brilliance {unknown}
 r - a potion of heal wounds {unknown}
 s - a potion of mutation {unknown}
 w - a potion of resistance {unknown}
 z - a potion of berserk rage {unknown}
 B - a potion of flight {unknown}
 D - a potion of haste {unknown}
Comestibles
 f - 8 rations


   Skills:
 + Level 5.8 Fighting
 + Level 6.7 Long Blades
 + Level 3.0 Maces & Flails
 * Level 4.0 Throwing
 + Level 6.3 Armour
 + Level 1.7 Dodging
 + Level 0.1 Stealth
   Level 3.6 Shields


You had 7 spell levels left.
You didn't know any spells.
Your spell library was empty.

Dungeon Overview and Level Annotations

Branches:
Dungeon (6/15)
 Temple: D:4-7

Altars:
Kikubaaqudgha
Ru
Sif Muna
Trog
Wu Jian
Xom

Annotations:
D:3 1 runed door, sking99's ghost, amateur OpTm


Innate Abilities, Weirdness & Mutations

You reflexively headbutt those who attack you in melee.
You have a pair of horns on your head.


Message History

You feel sick.
The killer bee stings you but does no damage.
The killer bee closely misses you. The killer bee stings you.
* * * LOW HITPOINT WARNING * * *
You barely miss the killer bee.
The killer bee is heavily wounded.
The killer bee stings you.
* * * LOW HITPOINT WARNING * * *
You are more poisoned.
The killer bee poisons you! The killer bee stings you.
* * * LOW HITPOINT WARNING * * *
You feel better. The killer bee barely misses you. The killer bee stings you.
* * * LOW HITPOINT WARNING * * *
You are poisoned.
The killer bee poisons you!
You feel very mighty all of a sudden.
You feel sick.
The killer bee stings you but does no damage.
The killer bee stings you!
You die...

##...........#
##..........#
##.........#
#.........# .
##........#
..# ##......##
....###.y.###
#...##y##
#..@## ###...#
###...# ##...#
#.. #


You could see 2 killer bees.

Vanquished Creatures
  Edmund (D:4)
  A phantom (D:4)
  2 ogres (D:5)
  A centaur (D:5)
  2 scorpions
  A killer bee (D:6)
  A crimson imp (D:3)
  A hound (D:4)
  2 orc priests
  2 centaur skeletons (D:4)
  4 worker ants
  A hound skeleton (D:5)
  7 gnolls
  5 adders
  A howler monkey skeleton (D:4)
  An adder zombie (D:5)
  5 worms
  2 dart slugs
  2 leopard geckos
  7 orcs
  4 ball pythons
  9 bats
  3 giant cockroaches
  6 goblins
  8 hobgoblins
  6 jackals
  10 kobolds
  2 quokkas
  4 frilled lizards
  A leopard gecko skeleton (D:4)
  A quokka zombie (D:5)
  6 rats
  A plant (D:3)
110 creatures vanquished.

Vanquished Creatures (others)
  A plant (D:4)
1 creature vanquished.

Grand Total: 111 creatures vanquished

Notes
Turn   | Place    | Note
-------+----------+-------------------------------------------
     0 | D:1      | corax the Minotaur Fighter began the quest for the Orb.
     0 | D:1      | Reached XP level 1. HP: 19/19 MP: 0/0
   353 | D:1      | Reached XP level 2. HP: 27/27 MP: 1/1
   974 | D:2      | Reached XP level 3. HP: 8/33 MP: 2/2
  1037 | D:2      | Found an ancient bone altar of Kikubaaqudgha.
  1046 | D:2      | Found an ornate altar of the Wu Jian Council.
  1051 | D:2      | Found a shimmering altar of Xom.
  1391 | D:3      | Reached XP level 4. HP: 19/41 MP: 3/3
  1556 | D:3      | Found a runed door.
  1556 | D:3      | Noticed sking99's ghost (amateur OpTm)
  1604 | D:3      | Reached XP level 5. HP: 24/47 MP: 4/4
  1723 | D:3      | Reached skill level 5 in Armour
  1827 | D:3      | Found a bloodstained altar of Trog.
  1827 | D:3      | Found a sacrificial altar of Ru.
  1880 | D:3      | Reached skill level 1 in Throwing
  2311 | D:4      | Reached XP level 6. HP: 54/55 MP: 5/5
  2318 | D:4      | Reached skill level 5 in Long Blades
  2457 | D:4      | Reached skill level 5 in Fighting
  2767 | D:4      | Reached XP level 7. HP: 55/61 MP: 6/6
  2771 | D:4      | Noticed Edmund
  2781 | D:4      | Killed Edmund
  2781 | D:4      | Reached skill level 1 in Dodging
  2856 | D:5      | Entered Level 5 of the Dungeon
  2988 | D:5      | Found a deep blue altar of Sif Muna.
  3003 | D:5      | Reached skill level 1 in Maces & Flails
  3245 | D:5      | Reached XP level 8. HP: 53/70 MP: 7/7
  3514 | D:6      | Slain by a killer bee

Skill      XL: |  1  2  3  4  5  6  7  8 |
---------------+-------------------------+-----
Fighting       | 4 5 |  5.8
Armour         | 4 5 6 |  6.3
Long Blades    | 3 4 5 6 |  6.7
Throwing       | 2 3 4 |  4.0
Dodging        | 1 |  1.7
Maces & Flails | 2 3 |  3.0
Stealth        | |  0.1
Shields        | |  3.6

Action                   |  1- 3 |  4- 6 |  7- 9 || total
-------------------------+-------+-------+-------++-------
Melee: Long sword        |    85 |   155 |     6 ||   246
       Headbutt          |    11 |    29 |    15 ||    55
       Dire flail        |       |       |    53 ||    53
Throw: Tomahawk          |       |     4 |    17 ||    21
  Use: Potion            |     1 |       |     3 ||     4
  Eat: Chunk             |     1 |     5 |     2 ||     8
Armor: Scale mail        |    50 |    58 |    32 ||   140
Dodge: Dodged            |    47 |    71 |    42 ||   160
       Rpst.: Long sword |    11 |    16 |       ||    27
